 Dungeon Crawl Stone Soup version 0.28.0 (webtiles) character file.

Game seed: 10609685741456572629

23 mopl the Sneak (level 2, 0/20 HPs)
             Began as a Draconian Enchanter on Feb 14, 2022.
             Killed by a fireball (17 damage)
             ... invoked by the fiery rage of Trog
             ... on level 2 of the Dungeon.
             The game lasted 00:01:16 (1351 turns).

mopl the Sneak (Draconian Enchanter)                Turns: 1351, Time: 00:01:18

Health: 0/20       AC:  4    Str: 16    XL:     2   Next: 75%
Magic:  5/5        EV: 12    Int: 15    God:
Gold:   43         SH:  0    Dex: 11    Spells: 3/5 levels left

rFire   . . .      SeeInvis .   a - +1 dagger
rCold   . . .      Faith    .   (no shield)
rNeg    . . .      Spirit   .   (armour unavailable)
rPois   .          Reflect  .   (helmet restricted)
rElec   .          Harm     .   (no cloak)
rCorr   .          Rampage  .   (no gloves)
Will    .....                   (no boots)
Stlth   ++........              (no amulet)
HPRegen 0.06/turn               j - +6 ring of strength
MPRegen 0.09/turn               (no ring)

@: no status effects
A: AC +4, unfitting armour, cold-blooded
a: no special abilities


You were on level 2 of the Dungeon.
You visited 1 branch of the dungeon, and saw 2 of its levels.

You collected 43 gold pieces.

Inventory:

Hand Weapons
 a - a +1 dagger (weapon)
Missiles
 d - 3 poisoned darts (quivered)
 g - 5 atropa-tipped darts
Jewellery
 j - a +6 ring of strength (left hand)
Scrolls
 e - a scroll of enchant weapon {unknown}
 h - a scroll of immolation {unknown}
 i - a scroll of magic mapping {unknown}
Potions
 b - a potion of invisibility
 c - 3 potions of curing {unknown}
 f - a potion of magic {unknown}


   Skills:
 + Level 1.3 Short Blades
 - Level 1.7 Dodging
 * Level 3.2 Stealth
 - Level 2.2 Spellcasting
 - Level 2.9 Hexes


You had 3 spell levels left.
You knew the following spells:

 Your Spells              Type           Power      Damage    Failure   Level
b - Ensorcelled Hibernat  Hex/Ice        12%        N/A       19%         2

Your spell library contained the following spells:

 Spells                   Type           Power      Damage    Failure   Level
 Confusing Touch          Hex            10%        N/A       19%         3
 Tukima's Dance           Hex            10%        N/A       19%         3
 Dazzling Flash           Conj/Hex       12%        N/A       34%         3


Dungeon Overview and Level Annotations

Branches:
Dungeon (2/15)

Altars:
Trog


Innate Abilities, Weirdness & Mutations

Your plain brown scales are hard. (AC +4)
You cannot fit into any form of body armour.
You are cold-blooded and may be slowed by cold attacks.


Message History

A rat comes into view.
The rat closely misses you.
You barely miss the rat. You tail-slap the rat.
You kill the rat!
No target in view!
No target in view!
A bat comes into view.
A bat is nearby!
You hit the bat.
The bat is severely wounded.
The bat barely misses you. The bat hits you but does no damage.
The bat closely misses you.
You hit the bat.
You kill the bat!
No target in view!
A quokka comes into view.
The quokka bites you but does no damage.
You hit the quokka.
Your tail-slap misses the quokka.
The quokka is heavily wounded.
The quokka misses you.
You hit the quokka but do no damage.
The quokka is heavily wounded.
The quokka misses you.
You hit the quokka but do no damage.
The quokka is heavily wounded.
The quokka bites you.
You hit the quokka.
Your tail-slap misses the quokka.
The quokka is almost dead.
The quokka bites you.
You barely miss the quokka.
The quokka is almost dead.
The quokka bites you but does no damage.
You hit the quokka but do no damage.
The quokka is almost dead.
The quokka closely misses you. Trog hurls fiery rage upon you!
The fireball explodes!
The fireball engulfs you!
Ouch! That really hurt!
You die...

... #.# #.## ####### ...
......#####.#
###.......#.#######
#.#≈≈≈#..........
###.#...#...###.######.#
.##.#._.#.......@r.....#
.##.#...#..####.########
....#.<.#..# #.#
##..#...#..# #.#
#..#≈≈≈#..# #..
#........## ###
#)..###### #####


You could see a quokka and the fiery rage of Trog (unaware).

Vanquished Creatures
  A ball python (D:2)
  2 endoplasms
  A giant cockroach (D:1)
  2 goblins (D:2)
  3 hobgoblins (D:1)
  2 kobolds (D:1)
  2 quokkas (D:1)
  3 bats
  A frilled lizard (D:2)
  2 rats
19 creatures vanquished.

Notes
Turn   | Place    | Note
-------+----------+-------------------------------------------
     0 | D:1      | mopl the Draconian Enchanter began the quest for the Orb.
     0 | D:1      | Reached XP level 1. HP: 14/14 MP: 3/3
   517 | D:1      | Reached XP level 2. HP: 18/20 MP: 5/5
   525 | D:1      | Learned a level 2 spell: Ensorcelled Hibernation
   870 | D:1      | Reached skill level 3 in Stealth
   976 | D:2      | Found a faded altar of an unknown god.
   994 | D:2      | Prayed at the altar of an unknown god.
   994 | D:2      | Became a worshipper of Trog the Wrathful
   994 | D:2      | Reached * piety under Trog
   995 | D:2      | Fell from the grace of Trog
  1351 | D:2      | Killed by a fireball

Illustrated notes

Levels and vault maps discovered:
D:1:      wander_arrival_estate, layout_basic, serial_curves, eino_curves_03,
          eino_curves_04
D:2:      layout_loops_ring, nicolae_ecumenical_oubliette, uniq_robin

Skill      XL: |  1  2 |
---------------+-------+-----
Stealth        | 3 |  3.2
Short Blades   | |  1.3
Dodging        | |  1.7
Spellcasting   | |  2.2
Hexes          | |  2.9

Action                   || total
-------------------------++-------
Melee: Dagger            ||    79
       Tailslap          ||     5
Invok: Renounce Religion ||     1
 Stab: Sleeping          ||     2
Armor: Skin              ||    24
Dodge: Dodged            ||    66
